 Dungeon Crawl Stone Soup version 0.30.0-5-g1a98f26d00 (webtiles) character file.

Game seed: 3490442969185357851

14 SnakkuSnakku7 the Sneak (level 2, 21/21 HPs)
             Began as a Vampire Hedge Wizard on May 12, 2023.
             Was an Initiate of Gozag.
             Safely got out of the dungeon.
             The game lasted 00:00:59 (499 turns).

SnakkuSnakku7 the Sneak (Vampire Hedge Wizard)       Turns: 499, Time: 00:00:59

Health: 21/21      AC:  2    Str:  9    XL:     2   Next: 27%
Magic:  6/6        EV: 12    Int: 16    God:    Gozag
Gold:   74         SH:  0    Dex: 13    Spells: 6/7 levels left

rFire   . . .        a - +0 dagger
rCold   . . .        (no shield)
rNeg    . . .        b - +0 robe
rPois   .            c - +0 hat
rElec   .            (no cloak)
rCorr   .            (no gloves)
SInv    +            (no boots)
Will    .....        (no amulet)
Stlth   ++           (no ring)
HPRegen 0.43/turn    (no ring)
MPRegen 0.10/turn

%: no passive effects
@: healing quickly
A: alive, fangs 3, see invisible, vampiric 1
a: Exsanguinate, Renounce Religion, Potion Petition, Call Merchant, Bribe Branch


You escaped.
You worshipped Gozag.
Gozag was noncommittal.
You visited 1 branch of the dungeon, and saw 1 of its levels.

You collected 74 gold pieces.

Inventory:

Hand Weapons
 a - a +0 dagger (weapon)
Missiles
 g - 4 poisoned darts
Armour
 b - a +0 robe (worn)
 c - a +0 hat (worn)
Scrolls
 h - a scroll of identify {unknown}
 i - a scroll of enchant armour {unknown}
Potions
 d - a potion of magic
 e - a potion of flight {unknown}
 f - a potion of curing {unknown}


   Skills:
 + Level 1.1 Fighting
 - Level 2.1 Dodging
 - Level 3.0 Stealth
 + Level 1.4 Unarmed Combat
 - Level 3.0 Spellcasting
 - Level 0.6 Conjurations
 - Level 1.0 Summonings
 - Level 0.7 Translocations


You had 6 spell levels left.
You knew the following spells:

 Your Spells              Type           Power      Damage    Failure   Level
a - Magic Dart            Conj           16%        1d3       14%         1

Your spell library contained the following spells:

 Spells                   Type           Power      Damage    Failure   Level
 Slow                     Hex            8%         N/A       19%         1
 Call Imp                 Summ           10%        N/A       19%         2
 Blink                    Tloc           8%         N/A       22%         2
 Cigotuvi's Dreadful Rot  Necr/Pois/Air  4%         N/A       28%         2
 Mephitic Cloud           Conj/Pois/Air  3%         N/A       45%         3
 Confusing Touch          Hex            2%         N/A       50%         3
 Vampiric Draining        Necr           2%         2d6       50%         3


Dungeon Overview and Level Annotations

Branches:
Dungeon (1/15)

Altars:
Gozag


Innate Abilities, Weirdness & Mutations

Your natural rate of healing is accelerated.
You have razor-sharp teeth.
You have supernaturally acute eyesight. (SInv)
You are afflicted with vampirism.


Message History

You hit the bat.
You kill the bat!
You now have 59 gold pieces (gained 5).
You see here a +0 robe.
No target in view!
No target in view!
You see here a +0 dagger.
You now have 67 gold pieces (gained 8).
A rat comes into view.
A rat is nearby!
A rat is nearby!
You barely miss the rat. The rat bites you but does no damage.
You barely miss the rat. The rat bites you.
You hit the rat.
The rat is severely wounded.
The rat bites you but does no damage.
You closely miss the rat.
The rat is severely wounded.
The rat bites you.
You hit the rat but do no damage.
The rat is severely wounded.
The rat bites you.
You barely miss the rat. You punch the rat.
You kill the rat!
Found a scroll labelled AREOT UGGI.
You now have 71 gold pieces (gained 4).
i - a scroll labelled AREOT UGGI An endoplasm comes into view.
An endoplasm is nearby!
An endoplasm is nearby!
The helpless endoplasm fails to defend itself.
You puncture the endoplasm!
You kill the endoplasm!
You now have 74 gold pieces (gained 3).
You see here a +0 dagger.
You see here a +0 whip.
There is an open gate here.
There is a staircase leading out of the dungeon here.
Are you sure you want to leave the Dungeon?
This will make you lose the game!
You have escaped!

.##
##.#####...####.##
..######.# #...#
#..........
.........# #...#
#...####...
....###### ##_##
##.## #### ....#
##########.# #.# #
....# #..........#
#.# # ...##
#.#######..# #.# #
...# #.#
###########.########
#..######.#
#..@..#.............
........#.#
##...###############
..........# #.###.#
# #..####.###
#8'''8# # #.....#.#
###.### # ........#
#.## # #.......#
#..# ##########
#.......# ##.#
#.........
#.......## #.###
#.########


There were no monsters in sight!

Vanquished Creatures
  2 ball pythons (D:1)
  2 bats (D:1)
  An endoplasm (D:1)
  A hobgoblin (D:1)
  3 kobolds (D:1)
  A goblin (D:1)
  4 rats (D:1)
14 creatures vanquished.

Notes
Turn   | Place    | Note
-------+----------+-------------------------------------------
     0 | D:1      | SnakkuSnakku7 the Vampire Hedge Wizard began the quest for
                  | the Orb.
     0 | D:1      | Reached XP level 1. HP: 13/13 MP: 4/4
   168 | D:1      | Found a faded altar of an unknown god.
   176 | D:1      | Reached skill level 1 in Unarmed Combat
   181 | D:1      | Prayed at the altar of an unknown god.
   181 | D:1      | Became a worshipper of Gozag Ym Sagoz the Greedy
   317 | D:1      | Reached skill level 1 in Fighting
   317 | D:1      | Reached XP level 2. HP: 21/21 MP: 6/6
   499 | D:$      | Safely got out of the dungeon.

Illustrated notes

Levels and vault maps discovered:
D:1:      saegor_arrival_simple_c, layout_loops_ring,
          ebering_ecumenical_altar_rust

Skill      XL: |  1 |
---------------+----+-----
Unarmed Combat | 1 |  1.4
Fighting       | 1 |  1.1
Dodging        | |  2.1
Stealth        | |  3.0
Spellcasting   | |  3.0
Conjurations   | |  0.6
Summonings     | |  1.0
Translocations | |  0.7

Action                     || total
---------------------------++-------
  Melee: Dagger            ||    50
         Bite              ||     5
         Punch             ||     2
   Stab: Sleeping          ||     3
 Armour: Robe              ||    16
  Dodge: Dodged            ||    29
